 Dungeon Crawl Stone Soup version 0.31-a0-675-g238779eb0a (webtiles) character file.

Game seed: 6142575672606149331

4 qw the Shooter (level 1, -1/12 HPs)
             Began as a Gargoyle Hunter on Sept 5, 2023.
             Slain by an adder (2 damage)
             ... on level 2 of the Dungeon.
             The game lasted 00:00:02 (89 turns).

qw the Shooter (Gargoyle Hunter)                      Turns: 89, Time: 00:00:03

Health: -1/12      AC:  5    Str: 14    XL:     1   Next: 60%
Magic:  1/1        EV: 11    Int:  9    God:
Gold:   19         SH:  0    Dex: 13    Spells: 0/0 levels left

rFire   . . .        a - +0 shortbow
rCold   . . .        (shield currently unavailable)
rNeg    + . .        c - +0 leather armour
rPois   inf          (no helmet)
rElec   +            (no cloak)
rCorr   .            (no gloves)
SInv    .            (no boots)
Will    .....        (no amulet)
Stlth   +            (no ring)
HPRegen 0.22/turn    (no ring)
MPRegen 0.07/turn

%: no passive effects
@: no status effects
A: sickness immunity, AC +2, negative energy resistance 1, electricity
resistance, torment resistance 1, petrification resistance
a: no special abilities


You were on level 2 of the Dungeon.
You visited 1 branch of the dungeon, and saw 2 of its levels.

You collected 19 gold pieces.


Innate Abilities, Weirdness & Mutations

You are immune to sickness and miasma.
Your stone body is resilient. (AC +2)
You are immune to poison.
You resist negative energy. (rN+)
You are resistant to electric shocks. (rElec)
You are resistant to unholy torment.
You are immune to petrification.


   Skills:
 - Level 2.1 Fighting
 + Level 4.2 Ranged Weapons
 - Level 1.5 Dodging
 - Level 1.1 Stealth


You couldn't memorise any spells.
You didn't know any spells.
Your spell library was empty.

Inventory:

Hand Weapons
 a - a +0 shortbow (weapon)
Armour
 c - a +0 leather armour (worn)
Scrolls
 b - a scroll of butterflies
 d - a scroll of identify {unknown}

Dungeon Overview and Level Annotations

Branches:
Dungeon (1/15)

Altars:


Message History

You see here a hobgoblin corpse.
You now have 19 gold pieces.
Found a stone staircase leading down.
A quokka comes into view.
You shoot an arrow. The arrow hits the quokka.
You kill the quokka!
Found a spear.
Found two stone staircases leading down.
d - a scroll labelled VEMEX LIROWKUTWU An endoplasm comes into view.
You shoot an arrow. The arrow hits the endoplasm!
You kill the endoplasm!
A sourceless malevolence fills the Dungeon...
You fall into a shaft and drop 1 floor!
The shaft crumbles and collapses.
Found 5 curare-tipped darts and a beast talisman.
Waypoint 1 assigned to D:2.
An adder and a hobgoblin come into view.
You shoot an arrow. The arrow closely misses the hobgoblin.
You shoot an arrow. The arrow misses the adder.
You shoot an arrow. The arrow hits the adder.
The adder is moderately wounded.
The adder closely misses you. The hobgoblin hits you. The adder bites you.
You shoot an arrow. The arrow closely misses the adder.
The adder bites you.
The hobgoblin hits you but does no damage.
The adder closely misses you.
You shoot an arrow. The arrow misses the adder.
The hobgoblin hits you. The adder barely misses you. The hobgoblin misses you.
You shoot an arrow. The arrow hits the adder.
The adder is almost dead.
The adder bites you. The hobgoblin hits you. The adder barely misses you.
You shoot an arrow. The arrow misses the adder.
The adder completely misses you. The hobgoblin completely misses you.
You shoot an arrow. The arrow completely misses the adder.
The adder bites you.
The hobgoblin hits you but does no damage.
The adder bites you but does no damage.
You shoot an arrow. The arrow barely misses the adder.
The adder bites you.
You die...

#.######
#.#...|
#.#...#
#.#...#
#.#...#
###....
#...S#
#.[@.#
#...g#
#.(....
####.....
#.......
........
..#####.
..#


You could see an adder and a hobgoblin.

Vanquished Creatures
  An endoplasm (D:1)
  A hobgoblin (D:1)
  A quokka (D:1)
3 creatures vanquished.

Notes
Turn   | Place    | Note
-------+----------+-------------------------------------------
     0 | D:1      | qw the Gargoyle Hunter began the quest for the Orb.
     0 | D:1      | Reached XP level 1. HP: 12/12 MP: 1/1
     0 | D:1      | 0 ||| qw: Version: 0.3-a-75-g829b12e
     0 | D:1      | 0 ||| qw: Game counter: 185
     0 | D:1      | 0 ||| qw: Melee chars always use a shield: true
     0 | D:1      | 0 ||| qw: God list: Okawaru
     0 | D:1      | 0 ||| qw: Allow faded altars: false
     0 | D:1      | 0 ||| qw: Do Orc after clearing Dungeon:15 true
     0 | D:1      | 0 ||| qw: Do second Lair branch before Depths: true
     0 | D:1      | 0 ||| qw: Lair rune preference: random
     0 | D:1      | 0 ||| qw: Goals: Normal
     0 | D:1      | 0 ||| PLANNING D:1-11
    79 | D:1      | You fall into a shaft and drop 1 floor!
    86 | D:2      | HP: 2/12 [adder (2)]
    89 | D:2      | Slain by an adder

Levels and vault maps discovered:
D:1:      psy_arrival_fountain, layout_rooms, serial_shops, shop,
          hellmonk_ecumenical_altar_arch_garden
D:2:      layout_basic, uniq_terence

Action                     || total
---------------------------++-------
   Fire: Shortbow          ||    13
 Armour: Leather armour    ||    12
  Dodge: Dodged            ||     7

Table legend:
 A = Non-vault XP
 B = Vault XP
 C = Vault XP percentage of total XP
 D = Non-vault monster count
 E = Vault monster count
 F = Vault count percentage of total count
                 A         B        C        D         E       F
            +---------+---------+-------+---------+---------+-------
      Total |       6 |       0 |   0.0 |       3 |       0 |   0.0
            +---------+---------+-------+---------+---------+-------
        D:1 |       6 |       0 |   0.0 |       3 |       0 |   0.0
            +---------+---------+-------+---------+---------+-------
